 Dungeon Crawl Stone Soup version 0.25.0-9-g26727b657a (console) character file.

Game seed: 5713622348075571890

179 Garrluk the Slasher (level 5, -3/41 HPs)
             Began as a Formicid Fighter on June 17, 2020.
             Was a Follower of Makhleb.
             Slain by Grinder (5 damage)
             ... on level 4 of the Dungeon.
             The game lasted 00:12:25 (1533 turns).

Garrluk the Slasher (Formicid Fighter)              Turns: 1533, Time: 00:12:26

Health: -3/41      AC: 11    Str: 20 (22) XL:     5   Next: 90%
Magic:  5/5        EV:  4    Int:  6 (7)  God:    Makhleb [*.....]
Gold:   104        SH:  9    Dex:  9 (10) Spells: 4/4 levels left

rFire    . . .     SeeInvis +   k - +2 dagger (speed)
rCold    . . .     Gourm    .   c - +0 kite shield
rNeg     . . .     Faith    .   p - +0 plate armour
rPois    .         Spirit   .   (helmet unavailable)
rElec    .         Reflect  .   (no cloak)
rCorr    .         Harm     .   (no gloves)
MR       .....                  (no boots)
Stlth    ..........             (no amulet)
HPRegen  0.13/turn              (no ring)
MPRegen  0.09/turn              (no ring)

@: mighty
A: permanent stasis, dig shafts and tunnels, four strong arms, antennae 3
a: Dig, Shaft Self, Renounce Religion


You were on level 4 of the Dungeon.
You worshipped Makhleb.
Makhleb was aware of your devotion.
You were not hungry.

You visited 1 branch of the dungeon, and saw 4 of its levels.

You collected 104 gold pieces.

Inventory:

Hand Weapons
 a - a +0 long sword
 k - a +2 dagger of speed (weapon)
 v - a +2 short sword of venom
Missiles
 e - 22 stones
 o - 2 throwing nets (quivered)
Armour
 c - a +0 kite shield (worn)
 p - a +0 plate armour (worn)
Scrolls
 b - a scroll of blinking {unknown}
 h - a scroll of magic mapping {unknown}
 i - a scroll of enchant weapon {unknown}
 j - a scroll of enchant armour {unknown}
 n - a scroll of teleportation {unknown}
 s - 2 scrolls of identify {unknown}
 t - a scroll of immolation {unknown}
 u - a scroll of random uselessness {unknown}
Potions
 l - a potion of lignification {unknown}
 q - a potion of heal wounds {unknown}
 r - a potion of resistance {unknown}
Comestibles
 f - 4 rations
 g - 2 chunks of flesh


   Skills:
 - Level 3.2 Fighting
 * Level 5.6 Long Blades
 - Level 3.2 Armour
 - Level 3.6 Shields


You had 4 spell levels left.
You didn't know any spells.
Your spell library was empty.

Dungeon Overview and Level Annotations

Branches:
Dungeon (3/15)

Altars:
Makhleb

Annotations:
D:4 Grinder


Innate Abilities, Weirdness & Mutations

You cannot be hasted, slowed, berserked, paralysed or teleported.
You can dig through walls and to a lower floor.
Your four strong arms can wield two-handed weapons with a shield.
You have a pair of large antennae on your head. (SInv)


Message History

Grinder is heavily wounded.
Grinder drinks a potion.
Grinder is healed!
You barely miss Grinder.
Grinder is moderately wounded.
Okay, then.
You puncture Grinder!
Grinder is heavily wounded.
Grinder hits you but does no damage.
You hit Grinder.
Grinder is severely wounded.
Grinder gestures at you. Pain shoots through your body!
* * * LOW HITPOINT WARNING * * *
Okay, then.
Unknown command.
It was a potion of degeneration.
There was something very wrong with that liquid.
You feel weakened.
You feel dopey.
You feel clumsy. Grinder hits you.
You die...

### ..# ####
####.##...
........#####
#....#%.....
#...(.......
#hh.........
###........[..
#@#{..........
##5#..........
###..........
#..........
##..>......
#.........
#####.###. .#


You could see Grinder.

Vanquished Creatures
  An orc priest (D:3)
  5 gnolls
  An adder (D:2)
  2 oozes (D:2)
  2 worms (D:2)
  2 dart slugs (D:1)
  3 leopard geckos
  3 orcs (D:3)
  8 bats
  3 giant cockroaches
  9 goblins
  2 hobgoblins (D:1)
  8 jackals
  2 quokkas
  2 frilled lizards
  7 kobolds
  10 rats
70 creatures vanquished.

Notes
Turn   | Place    | Note
-------+----------+-------------------------------------------
     0 | D:1      | Garrluk the Formicid Fighter began the quest for the Orb.
     0 | D:1      | Reached XP level 1. HP: 18/18 MP: 1/1
    51 | D:1      | Reached skill level 3 in Long Blades
    51 | D:1      | Reached XP level 2. HP: 5/24 MP: 2/2
   374 | D:1      | Reached XP level 3. HP: 29/29 MP: 3/3
   646 | D:1      | Reached skill level 4 in Long Blades
   646 | D:1      | Reached XP level 4. HP: 30/35 MP: 4/4
   998 | D:2      | Reached XP level 5. HP: 41/41 MP: 5/5
  1164 | D:2      | Reached skill level 5 in Long Blades
  1180 | D:2      | Found a burning altar of Makhleb.
  1189 | D:2      | Became a worshipper of Makhleb the Destroyer
  1359 | D:3      | Found a faded altar of an unknown god.
  1499 | D:3      | You fall into a shaft and drop 1 floor!
  1499 | D:4      | Noticed Grinder
  1521 | D:4      | Reached * piety under Makhleb
  1532 | D:4      | HP: 2/41 [Grinder/nerve-wracking pain (11)]
  1533 | D:4      | Slain by Grinder

Illustrated notes

Levels and vault maps discovered:
D:1:      heliophobic_arrival_henge, layout_loops_cross
D:2:      layout_basic, lemuel_coloured_pillars_altar
D:3:      minmay_chambers_of_twos, layout_basic,
          chequers_ecumenical_altar_simple, first_ration
D:4:      layout_loops_ring, grunt_temple_overflow_magic_moments, uniq_grinder

Skill      XL: |  1  2  3  4  5 |
---------------+----------------+-----
Long Blades    | 3 4 5 |  5.6
Fighting       | |  3.2
Armour         | |  3.2
Shields        | |  3.6

Action                   |  1- 3 |  4- 6 || total
-------------------------+-------+-------++-------
Melee: Long sword        |    55 |     6 ||    61
       Dagger            |    42 |   131 ||   173
       Short sword       |       |    35 ||    35
Throw: Stone             |     1 |       ||     1
 Abil: Dig               |     9 |    49 ||    58
  Use: Potion            |       |     2 ||     2
  Eat: Chunk             |       |     6 ||     6
Armor: Scale mail        |    31 |     4 ||    35
       Plate armour      |       |    40 ||    40
Dodge: Dodged            |    23 |    19 ||    42
Block: Kite shield       |    41 |    56 ||    97
       Rpst.: Long sword |     4 |       ||     4
